 Dungeon Crawl Stone Soup version 0.17-a0-849-g0c87caa (webtiles) character file.

170 FedoraBrony69 the Skirmisher (level 5, -1/43 HPs)
             Began as a Vine Stalker Berserker on Apr 27, 2015.
             Was a Believer of Trog.
             Slain by a gnoll
             ... wielding a +0 club
              (2 damage)
             ... on level 3 of the Dungeon.
             The game lasted 00:03:09 (1796 turns).

FedoraBrony69 the Skirmisher (VSBe)                 Turns: 1796, Time: 00:03:09

Health: -1/43      AC:  3    Str: 25    XL:     5   Next: 51%
Magic:  0/6        EV: 11    Int:  7    God:    Trog [**....]
Gold:   124        SH:  0    Dex: 14    Spells: 0 memorised, 4 levels left

rFire  . . .     SeeInvis .     a - +0 mace
rCold  . . .     Clarity  .     b - +0 animal skin
rNeg   . . .     SustAb   .     (no shield)
rPois  .         Gourm    .     (no helmet)
rElec  .         Spirit   +     (no cloak)
rCorr  .         Warding  .     (no gloves)
rMut   .         Stasis   .     (no boots)
MR     .....                    (no amulet)
Stlth  ..........               (no ring)
                                (no ring)

@: berserking, drained, very quick, not resistant to hostile enchantments,
extremely unstealthy
A: fangs 2, regeneration 1, shaggy fur 1, magic shield, antimagic bite, no
device heal 3, rot immunity
a: Burn Spellbooks, Berserk, Trog's Hand, Renounce Religion


You were on level 3 of the Dungeon.
You worshipped Trog.
Trog was pleased with you.
You were hungry.

You visited 1 branch of the dungeon, and saw 3 of its levels.

You collected 124 gold pieces.

Inventory:

Hand weapons
 a - a +0 mace (weapon)
Armour
 b - a +0 animal skin (worn)
Jewellery
 h - an uncursed ring of flight {unknown}
Scrolls
 d - 3 scrolls of identify {unknown}
 e - a scroll of recharging {unknown}
 g - a scroll of fog {unknown}
 i - a scroll of noise {unknown}
 p - a scroll of teleportation {unknown}
 r - 2 scrolls of enchant armour {unknown}
 t - a scroll of amnesia {unknown}
 w - a scroll of fear {unknown}
Potions
 j - a potion of curing {unknown}
 k - a potion of lignification {unknown}
 l - a potion of degeneration {unknown}
 m - a potion of restore abilities {unknown}
 n - a potion of brilliance {unknown}
 o - a potion of might {unknown}
 q - a potion of poison {unknown}
 u - a potion of agility {unknown}
 v - a potion of flight {unknown}
Comestibles
 c - 2 bread rations
 f - 6 fruits


   Skills:
 + Level 4.3(3.3) Fighting
 + Level 4.2(3.3) Maces & Flails
 - Level 1.5(0.6) Armour
 - Level 1.5(0.6) Dodging


You had 4 spell levels left.
You didn't know any spells.

Dungeon Overview and Level Annotations

Branches:
Dungeon (3/15)

Altars:
Kikubaaqudgha
Makhleb


Innate Abilities, Weirdness & Mutations

You have extremely sharp teeth.
Your natural rate of healing is unusually fast.
You are covered in fur (AC +1).
When hurt, damage is shared between your health and your magic reserves.
Your bite disrupts and absorbs the magic of your enemies.
Potions and wands cannot restore your health.
You are immune to rotting.


Message History

You kill the gnoll!
Trog accepts your kill. The gnoll hits you with a halberd!
* * * LOW HITPOINT WARNING * * *
Things that are here:
a flail of draining; a scroll labeled ASAPLI COUWUE; a gnoll corpse You are too injured to fight recklessly!
You are too injured to fight recklessly!
You are too injured to fight recklessly!
You are too injured to fight recklessly!
You are too injured to fight recklessly!
You are too injured to fight recklessly!
You closely miss the gnoll. Your bite misses the gnoll.
The gnoll hits you with a halberd!
* * * LOW HITPOINT WARNING * * *
You thump the gnoll!
You kill the gnoll!
Trog accepts your kill. The gnoll hits you with a club.
You die...

#.# # #.# # #.# #.# #.#
...#### #.####
.......############.....
......#g.............####
.......)@............#
......################
... .


You could see a gnoll.

Vanquished Creatures
  An orc wizard (D:3)
  An orc priest (D:3)
  3 gnolls (D:3)
  An adder (D:2)
  4 giant geckos
  5 orcs (D:3)
  6 bats
  6 goblins
  6 hobgoblins
  10 jackals
  4 kobolds
  2 quokkas
  A ball python (D:3)
  5 giant cockroaches
  4 giant newts
  2 rats
61 creatures vanquished.

Notes
Turn   | Place    | Note
--------------------------------------------------------------
     0 | D:1      | FedoraBrony69, the Vine Stalker Berserker, began the quest for the Orb.
     0 | D:1      | Reached XP level 1. HP: 11/11 MP: 2/2
    36 | D:1      | Reached skill level 3 in Fighting
    36 | D:1      | Reached XP level 2. HP: 14/16 MP: 3/3
   432 | D:1      | Reached XP level 3. HP: 18/20 MP: 4/4
   436 | D:1      | Acquired Trog's second power
   697 | D:2      | Found an ancient bone altar of Kikubaaqudgha.
  1375 | D:3      | Found a burning altar of Makhleb.
  1389 | D:3      | Reached XP level 4. HP: 9/25 MP: 3/5
  1534 | D:3      | Reached skill level 4 in Fighting
  1534 | D:3      | Reached XP level 5. HP: 5/29 MP: 0/6
  1795 | D:3      | HP: 1/43 [gnoll/halberd (10)]
  1796 | D:3      | Slain by a gnoll

Action                   |  1- 3 |  4- 6 || total
-------------------------+-------+-------++-------
Melee: Mace              |   100 |    62 ||   162
Invok: Berserk           |     1 |     2 ||     3
       Trog's Hand       |       |     2 ||     2
 Stab: Sleeping          |     1 |       ||     1
  Eat: Chunk             |     3 |     2 ||     5
